 Dungeon Crawl Stone Soup version 0.28-a0-895-g6e5f11bd55 (webtiles) character file.

Game seed: 11176526876638305946

234 DrKleor the Sneak (level 6, -2/42 HPs)
             Began as an Octopode Brigand on Nov 22, 2021.
             Slain by a hound (6 damage)
             ... on level 4 of the Dungeon.
             The game lasted 00:06:26 (3082 turns).

DrKleor the Sneak (Octopode Brigand)                Turns: 3082, Time: 00:06:27

Health: -2/42      AC:  1    Str: 11    XL:     6   Next: 5%
Magic:  6/6        EV: 12    Int: 13    God:
Gold:   124        SH:  0    Dex: 15    Spells: 5/5 levels left

rFire   . . .      SeeInvis .   i - +4 dagger
rCold   . . .      Faith    .   (no shield)
rNeg    . . .      Spirit   .   (helmet restricted)
rPois   .          Reflect  .   f - amulet of the acrobat
rElec   .          Harm     .   (no ring)
rCorr   .          Rampage  .   (no ring)
Will    .....                   (no ring)
Stlth   ++++......              (no ring)
HPRegen 0.14/turn               (no ring)
MPRegen 0.10/turn               (no ring)
                                (no ring)
                                (no ring)

@: no status effects
A: almost no armour, amphibious, 8 rings, camouflage 1, gelatinous body 1,
(nimble swimmer 1), tentacles
a: no special abilities


You were on level 4 of the Dungeon.
You visited 1 branch of the dungeon, and saw 4 of its levels.

You collected 124 gold pieces.

Inventory:

Hand Weapons
 i - a +4 dagger (weapon)
Missiles
 b - 8 poisoned darts (quivered)
 c - 2 curare-tipped darts
 k - 3 datura-tipped darts
Jewellery
 f - an amulet of the acrobat (around mantle)
Scrolls
 a - a scroll of noise {unknown}
 d - 6 scrolls of identify {unknown}
 g - 2 scrolls of enchant armour {unknown}
 j - a scroll of teleportation {unknown}
 l - a scroll of magic mapping {unknown}
Potions
 e - 3 potions of degeneration {unknown}
 h - a potion of might {unknown}
 m - 2 potions of lignification {unknown}


   Skills:
 + Level 3.4 Fighting
 + Level 3.4 Short Blades
 + Level 3.4 Throwing
 - Level 1.0 Dodging
 + Level 6.7 Stealth


You had 5 spell levels left.
You didn't know any spells.
Your spell library contained the following spells:

 Spells                   Type           Power      Damage    Failure   Level
 Summon Small Mammal      Summ           0%         N/A       30%         1
 Blink                    Tloc           0%         N/A       43%         2
 Call Canine Familiar     Summ           0%         N/A       67%         3
 Lesser Beckoning         Tloc           0%         N/A       67%         3
 Ozocubu's Armour         Ice            0%         N/A       67%         3
 Summon Guardian Golem    Hex/Summ       0%         N/A       67%         3
 Manifold Assault         Tloc           0%         N/A       100%        5
 Metabolic Englaciation   Hex/Ice        0%         N/A       100%        5
 Simulacrum               Ice/Necr       0%         N/A       100%        6


Dungeon Overview and Level Annotations

Branches:
Dungeon (4/15)
 Temple: D:4-7

Altars:
Elyvilon
Qazlal

Shops:
D:2 (


Innate Abilities, Weirdness & Mutations

You cannot wear most types of armour.
You are amphibious.
You can wear up to eight rings at the same time.
Your skin changes colour to match your surroundings (Stealth+).
Your rubbery body absorbs attacks. (AC +1, EV +1)
((You are camouflaged near water. (Stealth+)))
You have tentacles for arms and can constrict up to eight enemies at once.


Message History

Robin is heavily wounded.
You constrict Robin. The hobgoblin barely misses you.
Robin hits you with a +0 club. The hobgoblin hits you.
You hit Robin but do no damage.
Robin is severely wounded.
You constrict Robin. The hobgoblin barely misses you. Robin barely misses you.
The hobgoblin barely misses you.
You hit Robin. You squeeze Robin.
You kill Robin!
The hobgoblin hits you! The hobgoblin closely misses you.
You have reached level 6!
Your experience leads to an increase in your attributes!
Increase (S)trength, (I)ntelligence, or (D)exterity?
You feel agile.
The hound barks!
You hit the hobgoblin but do no damage. You grab the hobgoblin.
You constrict the hobgoblin. The hobgoblin barely misses you.
You hit the hobgoblin.
The hobgoblin is severely wounded.
You constrict the hobgoblin, but do no damage.
The hobgoblin completely misses you.
You completely miss the hobgoblin.
The hobgoblin is severely wounded.
You constrict the hobgoblin.
You kill the hobgoblin!
The hobgoblin hits you.
You hit the hobgoblin. Your grab misses the hobgoblin.
The hobgoblin is heavily wounded.
The hobgoblin misses you.
You barely miss the hobgoblin. Your grab misses the hobgoblin.
You squeeze the hobgoblin, but do no damage.
The hobgoblin is heavily wounded.
The hobgoblin hits you!
* * * LOW HITPOINT WARNING * * *
You hit the hobgoblin.
You kill the hobgoblin!
The hound bites you.
* * * LOW HITPOINT WARNING * * *
The hound bites you.
You die...

.........>.....##.....#####
# ......................## #
................#.#...# #
#.............#.#...# #
####.............#)#...####
#
.......<..#.###....#......##
.
.....#..#...###.).....#.....
.... ##.###..)#...........#
#. ..
..##..##..@h.####......##..
..........................
.......###..####........#
..............#.........##.
.......#..#...#.#..#.......
##........#.............#
#.......>...........#..#
#####..##......#..#.##.#
#..# ....#.#..#.##.###


You could see a hound.

Vanquished Creatures
  An orc priest (D:4)
  A jelly (D:4)
  An iguana (D:4)
  An orc wizard (D:3)
  Robin (D:4)
  2 adders (D:2)
  3 worms
  3 dart slugs
  An orc (D:4)
  5 ball pythons
  5 endoplasms
  19 goblins
  11 hobgoblins
  6 kobolds
  5 quokkas
  4 bats (D:2)
  5 frilled lizards
  5 rats
79 creatures vanquished.

Notes
Turn   | Place    | Note
-------+----------+-------------------------------------------
     0 | D:1      | DrKleor the Octopode Brigand began the quest for the Orb.
     0 | D:1      | Reached XP level 1. HP: 14/14 MP: 1/1
   204 | D:1      | Reached XP level 2. HP: 16/19 MP: 2/2
   655 | D:1      | Reached XP level 3. HP: 23/25 MP: 3/3
  1032 | D:2      | Found Ciob's Antique Weapon Shoppe.
  1076 | D:2      | Reached XP level 4. HP: 16/30 MP: 4/4
  1289 | D:2      | Found a stormy altar of Qazlal.
  1315 | D:2      | Reached skill level 6 in Stealth
  2055 | D:3      | Found a white marble altar of Elyvilon.
  2243 | D:4      | Noticed a necrophage
  2421 | D:4      | Reached XP level 5. HP: 36/36 MP: 5/5
  2704 | D:4      | Noticed Robin
  3076 | D:4      | Killed Robin
  3077 | D:4      | Reached XP level 6. HP: 20/42 MP: 6/6
  3082 | D:4      | Slain by a hound

Illustrated notes

Levels and vault maps discovered:
D:1:      dpeg_arrival_tiny_k, layout_rooms
D:2:      layout_rooms, basic_altar, serial_shops, nicolae_shop_waterfront,
          interstate_on_off, kennysheep_generic_room_3
D:3:      layout_rooms, nicolae_overflow_hidden_temple,
          mainiacjoe_overflow_surrounded_room, grunt_decor_junction,
          minmay_misc_feat_columns
D:4:      layout_rooms, uniq_robin

Skill      XL: |  1  2  3  4 |
---------------+-------------+-----
Stealth        | 6 |  6.7
Fighting       | 3 |  3.4
Short Blades   | 3 |  3.4
Throwing       | 3 |  3.4
Dodging        | |  1.0

Action                   |  1- 3 |  4- 6 || total
-------------------------+-------+-------++-------
Melee: Dagger            |    62 |    87 ||   149
       Constrict         |    15 |    21 ||    36
       Tentacles         |     9 |    15 ||    24
 Stab: Sleeping          |    11 |     8 ||    19
       Distracted        |       |     1 ||     1
Armor: Skin              |     6 |     3 ||     9
Dodge: Dodged            |    35 |    39 ||    74

Table legend: (Time is in decaauts)
 A = Elapsed time spent in this place.
 B = Non-inter-level travel time spent in this place.
 C = Inter-level travel time spent in this place.
 D = Time resting spent in this place.
 E = Time spent auto-exploring this place.
 F = Levels seen in this place.
 G = Mean time per level.
                   A        B        C        D        E       F      G
               +--------+--------+--------+--------+--------+-----+--------+
         Total |   3063 |   2928 |    135 |   1171 |   1230 |   4 |  765.8 |
       Dungeon |   3063 |   2928 |    135 |   1171 |   1230 |   4 |  765.8 |
               +--------+--------+--------+--------+--------+-----+--------+

Top non-repeatable levels by time:
     D:1: 966 daAuts
     D:2: 790 daAuts
     D:3: 750 daAuts
     D:4: 556 daAuts
